 Dungeon Crawl Stone Soup version 0.30.1-3-gfc49f6343a (webtiles) character file.

Game seed: 4493020581109592389

1581 zeram the Covert (level 8, 0/52 HPs)
             Began as an Octopode Fighter on July 24, 2023.
             Slain by Duvessa
             ... wielding a +0 short sword
              (15 damage)
             ... on level 5 of the Dungeon.
             The game lasted 00:10:24 (5099 turns).

zeram the Covert (Octopode Fighter)                 Turns: 5099, Time: 00:10:25

Health: 0/52       AC:  1    Str: 15    XL:     8   Next: 91%
Magic:  8/8        EV: 14    Int: 12    God:
Gold:   248        SH:  6    Dex: 12    Spells: 7/7 levels left

rFire   . . .        c - +2 dagger (speed)
rCold   . . .        b - +1 buckler
rNeg    . . .        (helmet restricted)
rPois   .            (no amulet)
rElec   .            (no ring)
rCorr   .            (no ring)
SInv    .            (no ring)
Will    .....        (no ring)
Stlth   ++++++       (no ring)
HPRegen 0.28/turn    (no ring)
MPRegen 0.11/turn    (no ring)
                     (no ring)

%: no passive effects
@: about to teleport
A: almost no armour, amphibious, 8 rings, camouflage 1, gelatinous body 1,
(nimble swimmer 1), tentacles
a: no special abilities


You were on level 5 of the Dungeon.
You visited 1 branch of the dungeon, and saw 5 of its levels.
You also visited: Sewer.

You collected 248 gold pieces.

Inventory:

Hand Weapons
 a - a +0 rapier
 c - a +2 dagger of speed (weapon)
 j - a +0 dagger
Missiles
 l - 2 throwing nets (quivered)
Armour
 b - a +1 buckler (worn)
Scrolls
 f - 2 scrolls of immolation
 h - a scroll of teleportation
 n - a scroll of poison {unknown}
 r - a scroll of amnesia
Potions
 d - a potion of brilliance
 e - a potion of cancellation {unknown}
 g - a potion of degeneration
 i - 3 potions of lignification
 k - 2 potions of mutation
 m - a potion of haste {unknown}
 o - 3 potions of curing
 p - a potion of berserk rage {unknown}


   Skills:
 - Level 3.0 Fighting
 + Level 5.2 Short Blades
 + Level 5.2 Dodging
 * Level 11.2 Stealth
 + Level 4.4 Shields


You had 7 spell levels left.
You didn't know any spells.
Your spell library was empty.

Dungeon Overview and Level Annotations

Branches:
Dungeon (5/15)              Sewer (visited)
 Temple: D:4-7

Altars:
Ashenzari
Elyvilon
Makhleb
Nemelex Xobeh
Sif Muna
Wu Jian
Zin

Annotations:
D:5 1 transporter, Duvessa


Innate Abilities, Weirdness & Mutations

You cannot wear most types of armour.
You are amphibious.
You can wear up to eight rings at the same time.
Your skin changes colour to match your surroundings (Stealth+).
Your rubbery body absorbs attacks. (AC +1, EV +1)
((You are camouflaged when in or above water. (Stealth+)))
You have tentacles for arms and can constrict up to eight enemies at once.


Message History

Duvessa hits you with a +0 short sword!
You completely miss Duvessa.
Duvessa is lightly wounded.
You constrict Duvessa, but do no damage.
Duvessa barely misses you.
You hit Duvessa. You squeeze Duvessa.
Duvessa is moderately wounded.
You constrict Duvessa, but do no damage.
You hit Duvessa but do no damage.
Duvessa is moderately wounded.
You constrict Duvessa, but do no damage.
Duvessa hits you with a +0 short sword!
You completely miss Duvessa.
Duvessa is moderately wounded.
You constrict Duvessa, but do no damage.
Duvessa misses you.
You completely miss Duvessa.
Duvessa is moderately wounded.
You constrict Duvessa. Duvessa hits you with a +0 short sword!
* * * LOW HITPOINT WARNING * * *
You feel much better.
You constrict Duvessa, but do no damage.
Duvessa hits you with a +0 short sword!
You hit Duvessa but do no damage. You squeeze Duvessa.
Duvessa is moderately wounded.
You constrict Duvessa. Duvessa hits you with a +0 short sword!
* * * LOW HITPOINT WARNING * * *
Unknown command.
Okay, then.
You release your grip on Duvessa.
Duvessa attacks as you move away! Duvessa hits you with a +0 short sword!
* * * LOW HITPOINT WARNING * * *
You hear a shout!
Okay, then.
You feel much better. Duvessa hits you with a +0 short sword!
* * * LOW HITPOINT WARNING * * *
You block Duvessa's attack.
As you read the scroll of teleportation, it crumbles to dust.
You feel strangely unstable. Duvessa hits you with a +0 short sword!
You die...

.....#.....#..#.....###........##
##.#.#.....#..#.....###.......##
...#.#######..#.....>##.).....#
.#....................))......#
###.....###...#........).....## #
####### #######...#..#.....#
##...###........# ##...##
##.........# ##..@## #.......#..
##..e## ##.....#### ##)..#∩#
#....## #.:.###.. ..#### #._.#
..# ##### ##


You could see Duvessa (berserk).

Vanquished Creatures
  Sigmund (D:3)
  A water moccasin (D:5)
  2 ice beasts
  A centaur (D:5)
  2 phantoms (D:5)
  2 bullfrogs (Sewer)
  A scorpion (D:5)
  Dowan (D:5)
  5 hounds (D:5)
  A jelly (D:5)
  An iguana (D:5)
  4 orc wizards
  8 adders
  10 gnolls
  10 river rats (Sewer)
  2 worms
  A dart slug (D:2)
  4 orcs
  13 ball pythons
  10 endoplasms
  3 giant cockroaches
  5 goblins
  4 hobgoblins
  6 jackals
  2 quokkas (D:1)
  8 bats
  8 frilled lizards
  2 kobolds
  23 rats
141 creatures vanquished.

Notes
Turn   | Place    | Note
-------+----------+-------------------------------------------
     0 | D:1      | zeram the Octopode Fighter began the quest for the Orb.
     0 | D:1      | Reached XP level 1. HP: 16/16 MP: 1/1
   161 | D:1      | Reached skill level 1 in Stealth
   301 | D:1      | Reached XP level 2. HP: 21/21 MP: 2/2
   794 | D:1      | Reached XP level 3. HP: 26/26 MP: 3/3
   803 | D:1      | Reached skill level 2 in Stealth
   900 | D:2      | Identified the +0 ring mail of the End {rElec}
  1437 | D:3      | Noticed Sigmund
  1446 | D:3      | Killed Sigmund
  1447 | D:3      | Reached skill level 5 in Stealth
  1447 | D:3      | Reached XP level 4. HP: 23/31 MP: 4/4
  1447 | D:3      | Reached XP level 5. HP: 27/36 MP: 5/5
  1486 | D:3      | Found an ornate altar of the Wu Jian Council.
  1532 | D:3      | Found a broken altar of Ashenzari.
  1561 | D:3      | Reached skill level 6 in Stealth
  1561 | D:3      | Reached XP level 6. HP: 31/42 MP: 6/6
  1781 | D:3      | Noticed an ice beast
  1809 | D:3      | Killed an ice beast
  1810 | D:3      | Reached skill level 7 in Stealth
  1995 | D:3      | Found a faded altar of an unknown god.
  1995 | D:3      | Noticed a Tzitzimitl
  2552 | D:3      | Found a burning altar of Makhleb.
  2552 | D:3      | Noticed a blizzard demon
  2611 | D:4      | Reached XP level 7. HP: 40/46 MP: 7/7
  2979 | D:4      | Found a glowing drain.
  2989 | Sewer    | Entered a sewer
  3111 | Sewer    | Reached skill level 8 in Stealth
  3690 | Sewer    | Reached skill level 9 in Stealth
  3815 | D:4      | Found a glowing silver altar of Zin.
  4228 | D:5      | Entered Level 5 of the Dungeon
  4228 | D:5      | Found a white marble altar of Elyvilon.
  4231 | D:5      | Reached XP level 8. HP: 52/52 MP: 8/8
  4484 | D:5      | Reached skill level 10 in Stealth
  4639 | D:5      | Reached skill level 5 in Short Blades
  4639 | D:5      | Reached skill level 5 in Dodging
  4810 | D:5      | Found a sparkling altar of Nemelex Xobeh.
  4810 | D:5      | Found a transporter.
  4811 | D:5      | Noticed a gargoyle
  4812 | D:5      | Noticed a vampire
  4907 | D:5      | Reached skill level 11 in Stealth
  4910 | D:5      | Noticed Dowan
  4911 | D:5      | Found a shimmering blue altar of Sif Muna.
  4914 | D:5      | Noticed Duvessa
  5069 | D:5      | Killed Dowan
  5097 | D:5      | HP: 2/52 [Duvessa/+0 short sword (11)]
  5099 | D:5      | Slain by Duvessa

Illustrated notes

Levels and vault maps discovered:
D:1:      tarquinn_simple_flora_water_a, layout_basic, minmay_misc_feat_five,
          st_stairs_12
D:2:      layout_basic, columned_hall_lemuel, minmay_misc_feat_enclosed,
          chequers_serial_rivers_small_a
D:3:      layout_basic, makhleb_altar_promises_db,
          ashenzari_conservatory_becter, mainiacjoe_overflow_cross_hatched,
          dreamdust_ecumenical_altar_sealed_demon, patterned_corridor,
          uniq_sigmund
D:4:      layout_loops_corners, zin_academy, cheibrodos_sewer_entry_sluice
D:5:      minmay_skewed_foursquare, layout_rooms,
          nzn_overflow_gifts_of_might_and_magic, grunt_nemelex_the_gamble,
          amcnicky_altar_gilded, nicolae_elemental_shop, minmay_bent

Skill      XL: |  1  2  3  4  5  6  7  8 |
---------------+-------------------------+-----
Stealth        | 1 5 6 7 9 11 | 11.2
Short Blades   | 3 4 5 |  5.2
Dodging        | 4 5 |  5.2
Shields        | 4 |  4.4
Fighting       | |  3.0

Action                     |  1- 3 |  4- 6 |  7- 9 || total
---------------------------+-------+-------+-------++-------
  Melee: Rapier            |    49 |       |       ||    49
         Tentacles         |    15 |    14 |    77 ||   106
         Constrict         |    14 |    11 |    53 ||    78
         Punch             |     1 |     1 |     6 ||     8
         Dagger            |    14 |    78 |   254 ||   346
    Use: Scroll            |     7 |     2 |     8 ||    17
         Potion            |       |     4 |     3 ||     7
   Stab: Sleeping          |    13 |     2 |    14 ||    29
         Distracted        |       |       |     1 ||     1
 Armour: Skin              |     6 |     3 |    14 ||    23
  Dodge: Dodged            |    24 |    39 |   119 ||   182
  Block: Buckler           |    13 |    19 |    64 ||    96
